 Dungeon Crawl Stone Soup version 0.28-a0-706-gf6f64a616a (webtiles) character file.

Game seed: 2679259251785721854

543171 jasper the Hoplite (level 24, -19/212 HPs)
             Began as a Demonspawn Artificer on Oct 24, 2021.
             Was a Priest of Cheibriados.
             Killed from afar by a purple draconian shifter (20 damage)
             ... with a bolt of dispelling energy
             ... on level 5 of the Realm of Zot.
             The game lasted 02:10:04 (79635 turns).

jasper the Hoplite (Demonspawn Artificer)          Turns: 79635, Time: 02:10:04

Health: -19/212    AC: 35    Str: 26      XL:     24   Next: 81%
Magic:  0/32       EV: 19    Int: 24      God:    Cheibriados [***...]
Gold:   4795       SH: 41    Dex: 45 (46) Spells: 6/23 levels left

rFire   + + .      SeeInvis .     - Unarmed
rCold   + . .      Faith    .   W - +8 tower shield
rNeg    + + .      Spirit   +   E - +8 orange crystal plate armour {Archmagi, Int+3 Clar}
rPois   +          Reflect  .   u - +2 hat of the Bear Spirit {Spirit, *Rage rN+ Will++}
rElec   .          Harm     .   t - scarf {rC+ rF+}
rCorr   +          Rampage  .   (gloves unavailable)
Will    ++++.      Archmagi +   g - +0 pair of boots of the Jackalope {rF+ Str+2}
Stlth   .......... Clarity  +   Q - amulet of Vitality {Regen+ HP+15}
HPRegen 1.45/turn               N - ring of Teazxeb {Drain rPois Will+ Str+2 Dex+5}
MPRegen 0.46/turn               y - ring of Bishit {Drain rN+ rCorr Dex+5}

@: studying 7 skills, very slow
A: claws 3, thin skeletal structure 3, spiny 3, magic shield, magic
regeneration, magic link, black mark, bedeviling, deterioration 1, dopey 1,
screaming 1, subdued magic 1
}: 3/15 runes: decaying, slimy, gossamer
a: Renounce Religion, Bend Time, Temporal Distortion


You were on level 5 of the Realm of Zot.
You worshipped Cheibriados.
Cheibriados was most pleased with you.
You visited 11 branches of the dungeon, and saw 52 of its levels.
You visited the Abyss 1 time.
You visited 1 ziggurat, and saw 1 of its levels.
You also visited: Trove and Gauntlet.

You collected 8778 gold pieces.
You spent 3983 gold pieces at shops.

Inventory:

Missiles
 d - 2 throwing nets
 o - 1315 stones (quivered)
Armour
 g - the +0 pair of boots of the Jackalope (worn) {rF+ Str+2}
   (You bought it in a shop on level 5 of the Realm of Zot)

   Str:       It affects your strength (+2).
   rF:        It protects you from fire.
 t - a scarf of resistance (worn)
 u - the +2 hat of the Bear Spirit (worn) {Spirit, *Rage rN+ Will++}
   (You acquired it on level 2 of the Vaults)

   rN:        It protects you from negative energy.
   *Rage:     It berserks you when you make melee attacks (+20% chance).
   Will:      It greatly increases your willpower.
 E - the +8 orange crystal plate armour (worn) {Archmagi, Int+3 Clar}
   (You found it on level 3 of the Elven Halls)

   Int:       It affects your intelligence (+3).
   Clar:      It protects you against confusion.
 W - a +8 tower shield (worn)
Jewellery
 i - an amulet of reflection
 l - a +4 ring of slaying
 y - the ring of Bishit (right claw) {Drain rN+ rCorr Dex+5}
   (You found it in a Gauntlet)

   [ring of positive energy]

   Dex:       It affects your dexterity (+5).
   rN:        It protects you from negative energy.
   rCorr:     It protects you from acid and corrosion.
   Drain:     It drains your maximum health when unequipped.
 H - a ring of protection from fire
 L - a ring of positive energy
 N - the ring of Teazxeb (left claw) {Drain rPois Will+ Str+2 Dex+5}
   (You found it on level 2 of the Realm of Zot)

   [ring of willpower]

   Str:       It affects your strength (+2).
   Dex:       It affects your dexterity (+5).
   rPois:     It protects you from poison.
   Drain:     It drains your maximum health when unequipped.
   Will:      It increases your willpower.
 Q - the amulet of Vitality (around neck) {Regen+ HP+15}
   (You found it on level 5 of the Pits of Slime)

   [amulet of regeneration]

   HP:        It affects your health (+15).
   Regen:     It increases your rate of health regeneration.
 S - an amulet of regeneration
Wands
 c - a wand of paralysis (6)
 v - a wand of mindburst (49)
 J - a wand of digging (11)
 K - a wand of flame (43)
 R - a wand of acid (19)
 Y - a wand of polymorph (19)
 Z - a wand of iceblast (40)
Scrolls
 b - 15 scrolls of teleportation
 j - 2 scrolls of summoning
 s - 2 scrolls of enchant weapon
 x - 3 scrolls of blinking
 z - 2 scrolls of silence
 A - 3 scrolls of enchant armour
 B - 34 scrolls of identify
 C - a scroll of magic mapping
 D - 6 scrolls of fog
 M - 8 scrolls of fear
 P - 8 scrolls of amnesia
 U - 10 scrolls of immolation
Potions
 e - 2 potions of might
 f - 3 potions of curing
 h - 6 potions of flight
 k - 6 potions of magic
 m - 5 potions of mutation
 n - 9 potions of attraction
 p - 3 potions of cancellation
 r - 8 potions of brilliance
 w - a potion of resistance
 G - 3 potions of berserk rage
 I - 2 potions of degeneration
 O - 4 potions of heal wounds
 T - 5 potions of ambrosia
 V - 3 potions of invisibility
 X - 4 potions of lignification
Miscellaneous
 a - a box of beasts
 q - a lightning rod (4/4)
 F - a tin of tremorstones (inert)


   Skills:
 + Level 17.8 Fighting
 - Level 0.3 Long Blades
 - Level 3.0 Slings
 + Level 14.7 Armour
 - Level 11.8 Dodging
 - Level 0.8 Stealth
 - Level 25.0 Shields
 * Level 22.4 Unarmed Combat
 - Level 6.0 Necromancy
 - Level 10.0 Translocations
 - Level 12.0 Invocations
 - Level 3.8 Evocations


You had 6 spell levels left.
You knew the following spells:

 Your Spells              Type           Power      Damage    Failure   Level
a - Blink                 Tloc           100%       N/A       7%          2
b - Animate Dead          Necr           16%        N/A       95%         4
c - Vampiric Draining     Necr           16%        2d8       61%         3
d - Silence               Hex/Air        0%         N/A       100%        5
e - Ozocubu's Armour      Ice            0%         N/A       100%        3

Your spell library contained the following spells:

 Spells                   Type           Power      Damage    Failure   Level
 Gell's Gravitas          Tloc           26%        N/A       14%         3
 Lesser Beckoning         Tloc           53%        N/A       14%         3
 Teleport Other           Tloc           53%        N/A       14%         3
 Animate Skeleton         Necr           66%        N/A       26%         1
 Pain                     Necr           100%       1d9       26%         1
 Sublimation of Blood     Necr           16%        N/A       36%         2
 Passage of Golubria      Tloc           53%        N/A       45%         4
 Portal Projectile        Hex/Tloc       82%        N/A       77%         3
 Corpse Rot               Necr/Air       32%        N/A       80%         2
 Manifold Assault         Tloc           53%        N/A       82%         5
 Dispel Undead            Necr           33%        3d14      95%         4
 Foxfire                  Conj/Fire      0%         2x1d4     97%         1
 Magic Dart               Conj           0%         1d3       97%         1
 Sandblast                Erth           0%         2d4       97%         1
 Shock                    Conj/Air       0%         1d3       97%         1
 Summon Small Mammal      Summ           0%         N/A       97%         1
 Ensorcelled Hibernation  Hex/Ice        0%         N/A       99%         2
 Passwall                 Tmut/Erth      0%         N/A       99%         2
 Scorch                   Fire           0%         2d5       99%         2
 Searing Ray              Conj           0%         2d4       99%         2
 Static Discharge         Conj/Air       0%         N/A       99%         2
 Wereblood                Tmut           0%         N/A       99%         2
 Iskenderun's Mystic Bla  Conj/Tloc      27%        2d7       99%         4
 Call Canine Familiar     Summ           0%         N/A       100%        3
 Conjure Flame            Conj/Fire      0%         6-21      100%        3
 Dazzling Flash           Conj/Hex       0%         N/A       100%        3
 Frozen Ramparts          Ice            0%         1d2       100%        3
 Ignite Poison            Fire/Tmut/Pois 0%         N/A       100%        3
 Inner Flame              Hex/Fire       0%         N/A       100%        3
 Mephitic Cloud           Conj/Pois/Air  0%         N/A       100%        3
 Stone Arrow              Conj/Erth      0%         3d7       100%        3
 Summon Guardian Golem    Hex/Summ       0%         N/A       100%        3
 Swiftness                Air            0%         N/A       100%        3
 Tukima's Dance           Hex            0%         N/A       100%        3
 Airstrike                Air            0%         N/A       100%        4
 Animate Armour           Summ/Erth      0%         N/A       100%        4
 Cause Fear               Hex            0%         N/A       100%        4
 Flame Wave               Conj/Fire      0%         3d3       100%        4
 Fulminant Prism          Conj/Hex       0%         3d6       100%        4
 Hailstorm                Conj/Ice       0%         3d3       100%        4
 Ice Form                 Ice/Tmut       0%         N/A       100%        4
 Leda's Liquefaction      Hex/Erth       0%         N/A       100%        4
 Petrify                  Tmut/Erth      0%         N/A       100%        4
 Sticky Flame             Conj/Fire      0%         2d3       100%        4
 Summon Ice Beast         Ice/Summ       0%         N/A       100%        4
 Agony                    Necr           33%        N/A       100%        5
 Blade Hands              Tmut           0%         N/A       100%        5
 Excruciating Wounds      Necr           16%        N/A       100%        5
 Freezing Cloud           Conj/Ice/Air   0%         6-21      100%        5
 Irradiate                Conj/Tmut      0%         3d13      100%        5
 Lee's Rapid Deconstruct  Erth           0%         3d5*      100%        5
 Lightning Bolt           Conj/Air       0%         1d11      100%        5
 Metabolic Englaciation   Hex/Ice        0%         N/A       100%        5
 Summon Mana Viper        Hex/Summ       0%         N/A       100%        5
 Yara's Violent Unravell  Hex/Tmut       0%         3d3       100%        5
 Conjure Ball Lightning   Conj/Air       0%         3x3d6     100%        6
 Death Channel            Necr           16%        N/A       100%        6
 Invisibility             Hex            0%         N/A       100%        6
 Iron Shot                Conj/Erth      0%         9d1       100%        6
 Simulacrum               Ice/Necr       8%         N/A       100%        6
 Starburst                Conj/Fire      0%         6d3       100%        6
 Statue Form              Tmut/Erth      0%         N/A       100%        6
 Summon Cactus Giant      Summ           0%         N/A       100%        6
 Dragon Form              Tmut           0%         N/A       100%        7
 Haunt                    Necr/Summ      8%         N/A       100%        7
 Monstrous Menagerie      Summ           0%         N/A       100%        7
 Orb of Destruction       Conj           0%         N/A       100%        7
 Ozocubu's Refrigeration  Ice            0%         4d5       100%        7
 Spellforged Servitor     Conj/Summ      0%         N/A       100%        7
 Storm Form               Tmut/Air       0%         N/A       100%        7
 Summon Hydra             Summ           0%         N/A       100%        7
 Borgnjor's Revivificati  Necr           16%        N/A       100%        8
 Discord                  Hex            0%         N/A       100%        8
 Disjunction              Tloc           26%        N/A       100%        8
 Infestation              Necr           16%        N/A       100%        8
 Maxwell's Capacitive Co  Air            0%         ∞         100%        8
 Necromutation            Tmut/Necr      8%         N/A       100%        8
 Chain Lightning          Conj/Air       0%         N/A       100%        9
 Death's Door             Necr           16%        N/A       100%        9
 Dragon's Call            Summ           0%         N/A       100%        9


Dungeon Overview and Level Annotations

Branches:
Dungeon (15/15)            Temple (1/1) D:4            Lair (6/6) D:8
  Swamp (4/4) Lair:4       Spider (4/4) Lair:3        Slime (5/5) Lair:6
    Orc (2/2) D:10            Elf (3/3) Orc:2        Vaults (3/5) D:14
 Depths (4/4) D:15            Zot (5/5) Depths:4    Gauntlet (visited)
  Crypt: Vaults:2-3

Altars:
Ashenzari
Cheibriados
Dithmenos
Elyvilon
Fedhas
Gozag
Hepliaklqana
Kikubaaqudgha
Makhleb
Nemelex Xobeh
Okawaru
Qazlal
Ru
Sif Muna
Trog
Uskayaw
Vehumet
Wu Jian
Xom
Yredelemnul
Zin
The Shining One
Beogh
Jiyva

Shops:
D:4 (   D:8 !   D:11 *   D:14 ?   Orc:1 *![(   Orc:2 =(*[(   Elf:2 [(
Elf:3 !(   Zot:5 *   Depths:1 *

Portals:
Hell: Depths:1 Depths:2 Depths:3 Depths:4
Abyss: Depths:2 Depths:3
Pandemonium: Depths:1 Depths:2

Annotations:
D:5 1 runed translucent door, jasper's ghost, novice DgFi
Lair:6 exclusion: obsidian statue
Spider:4 1 runed translucent door, Plog's ghost, adept MiBe
Elf:2 3 runed translucent doors, exclusion: 3 doors
Elf:3 2 exclusions
Vaults:3 Mennas
Depths:1 8 runed translucent doors
Zot:1 3 runed translucent doors, Rir Ukk's ghost, legendary HOMo
Zot:3 exclusions: 18 doors and 18 more exclusions
Zot:4 36 runed doors
Zot:5 1 exclusion


Innate Abilities, Weirdness & Mutations

You have claws for hands.
You have an unnaturally thin skeletal structure. (Dex +6, Stealth+++)
You are completely covered in sharp spines.
When hurt, damage is shared between your health and your magic reserves.
You regenerate magic rapidly.
When low on magic, you restore magic in place of health.
Your melee attacks may debilitate your foes.
Your hexes are more powerful.
Your body sometimes deteriorates upon taking damage.
You are dopey. (Int -2)
You occasionally shout uncontrollably at your foes.
Your spells are a little easier to cast, but a little less powerful.


Message History

The tremorstone explodes into fragments!
The burst of rock shards engulfs the red draconian scorcher!
The burst of rock shards engulfs the purple draconian shifter!
The burst of rock shards engulfs you but does no damage.
The burst of rock shards engulfs the purple draconian shifter.
The burst of rock shards engulfs the red draconian scorcher but does no damage.
You feel sick.
You take 1 damage, and have 22/212 hp.
The tremorstone explodes into fragments!
The burst of rock shards engulfs the purple draconian shifter.
The burst of rock shards engulfs the red draconian scorcher!
The burst of rock shards engulfs the purple draconian shifter but does no damage.
The burst of rock shards engulfs the red draconian scorcher but does no damage.
The burst of rock shards engulfs you but does no damage.
The tin is emptied!
The red draconian scorcher casts a spell at you.
The bolt of magma misses you.
You regained 2 mp, and now have 11/32 mp.
You feel sick.
You are no longer poisoned.
The red draconian scorcher breathes fire at you.
The searing blast hits you. You resist.
* * * LOW HITPOINT WARNING * * *
The purple draconian shifter gestures at you while chanting.
You blink.
An Orb Guardian comes into view.
You take 4 damage, and have 19/212 hp.
You now have 10/32 mp.
The purple draconian shifter points at you and mumbles some strange words.
You blink.
You hear a loud "Zot"!
The power of Zot is invoked against you!
The Killer Klown is recalled.
The Orb Guardian is recalled.
The orb of fire is recalled.
The Killer Klown is recalled.
The red draconian scorcher casts a spell at you.
The sphere of damnation explodes!
The damnation engulfs you!!
* * * LOW HITPOINT WARNING * * *
A Killer Klown comes into view.
It is wielding a +12 club of electrocution.
The purple draconian shifter breathes dispelling energy at you.
The bolt of dispelling energy hits you!!
You die...

...###.....##########.....#.[..##
..........................⌠.∩[⌠..
.................................
..........................##♣####
#....###....###.....#######
###### ▓▓▓########.#######* **
....^** #..............^* **,
....,,** ##......p......#* **,,
.......## #....@.§......# **,,,
....§...# ##...........## *,,,,
..L.§...# #..X.☼p.....# *,,,,
......○.# ##.....*.X...#* *^,,,
.§...§..# #.............# *,,,,
...§....# ##.............#* *,,,,
..q§...^###..q............***,,,,
...§§..###°q.###########..,***,,,
.§....##....## *#.,,,**,,


You could see an orb of fire, 2 Killer Klowns, a purple draconian shifter
(catching breath), 2 Orb Guardians and a red draconian scorcher (catching
breath).

Vanquished Creatures
  the Royal Jelly (Slime:5)
  2 dread liches (Zot:5)
  An ancient lich (Zot:5)
  2 orbs of fire
  Mara (Depths:1)
  2 juggernauts
  Bai Suzhen (Vaults:3)
  A Killer Klown (Zot:2)
  Xtahua (Vaults:2)
  14 caustic shrikes
  A curse toe (Zot:5)
  8 golden dragons
  Arachne (Spider:3)
  22 tentacled monstrosities
  Jorgrun (Swamp:1)
  5 liches
  A deep elf blademaster (Elf:3)
  A walking frostbound tome (Depths:3)
  10 quicksilver dragons
  8 Orb Guardians (Zot:5)
  Asterion (Vaults:1)
  2 deep elf master archers (Elf:3)
  7 death cobs
  15 acid blobs
  4 sphinxes
  An ancient champion (Elf:2)
  A tentacled starspawn (D:14)
  12 storm dragons
  2 thorn hunters
  Kirke (D:15)
  5 tengu reavers
  5 shadow dragons
  3 draconian monks
  6 fire giants
  6 azure jellies
  7 rockslimes
  12 frost giants
  4 vault wardens
  11 deep elf sorcerers
  6 fenstrider witches
  A draconian knight (Zot:5)
  3 draconian scorchers
  3 iron dragons
  Louise (Swamp:3)
  4 ghost moths
  An orc warlord (Orc:2)
  7 draconian shifters
  2 balrugs
  4 emperor scorpions
  3 draconian stormcallers
  3 curse skulls (Elf:2)
  4 deep elf elementalists (Elf:3)
  A ghoul (Elf:2)
  8 quicksilver oozes
  A spriggan defender (Depths:2)
  5 ironbound preservers
  A quicksilver ooze (shapeshifter) (Depths:3)
  8 stone giants
  5 vampire knights
  3 draconian annihilators
  15 very ugly things
  5 entropy weavers
  10 dire elephants
  6 black draconians
  6 bunyips
  2 deep elf demonologists (Elf:3)
  5 white draconians
  5 deep elf annihilators (Elf:3)
  14 green draconians
  A minotaur (Gauntlet)
  10 spark wasps
  8 red draconians
  7 yellow draconians
  9 purple draconians
  Snorg (D:10)
  An eidolon (Elf:2)
  11 ettins
  6 eleionomae
  3 green deaths
  8 fire dragons
  A mummy priest (Zig:1)
  A jiangshi (Elf:2)
  8 vault guards
  The ghost of Hypnoxylon the Grappler, a journeyman TrMo of Ru (D:11)
  2 shambling mangroves
  4 deep elf death magi
  2 deep elf high priests (Elf:3)
  12 great orbs of eyes
  A merfolk impaler (Depths:2)
  Fannar (Orc:1)
  The ghost of Pooter the Cleaver, a journeyman MiBe of Trog (Orc:1)
  A boulder beetle (D:14)
  4 yaktaur captains
  3 ogre magi
  4 ghost crabs
  6 ice dragons
  6 ironbound thunderhulks
  9 hydras
  9 ironbound frosthearts
  A hell beast (Gauntlet)
  8 spriggan air magi
  5 rakshasas
  2 catoblepae
  16 centaur warriors
  3 spectral elves (Elf:2)
  4 two-headed ogres
  A death knight (D:11)
  20 dancing weapons
  8 alligators
  7 deep troll shamans
  6 tengu warriors
  6 deep troll earth magi
  6 spriggan berserkers
  3 vampire magi
  A spectral dire elephant (Lair:6)
  A thrashing horror (Abyss:2)
  6 death yaks
  7 orc high priests
  2 sun demons (Depths:2)
  11 skeletal warriors
  15 deep elf knights
  19 hell knights
  A spectral death yak (Lair:6)
  5 sixfirhies
  A spectral anaconda (Lair:6)
  3 bunyip zombies (Swamp:2)
  A goliath frog (shapeshifter) (Elf:3)
  A salamander mystic (Depths:4)
  14 deep trolls
  A glowing orange brain (shapeshifter) (Depths:3)
  9 goliath frogs
  A sea snake (shapeshifter) (D:15)
  4 iron trolls
  10 spriggan druids
  3 glowing orange brains
  A death drake (Swamp:4)
  4 flayed ghosts
  3 swamp dragons
  8 bog bodies
  Pikel (D:7)
  2 bunyip skeletons (Swamp:2)
  2 phantasmal warriors
  7 orc knights
  10 wizards
  7 lindwurms (Vaults:2)
  26 deep elf zephyrmancers
  10 necromancers
  9 deep elf archers
  11 harpies (Vaults:1)
  15 orb spiders
  7 ironbound convokers
  A manticore (shapeshifter) (Elf:1)
  An oklob plant (Lair:6)
  51 ugly things
  13 deep elf pyromancers
  28 wolf spiders
  4 salamanders (Depths:4)
  6 cyclopes
  A manticore (D:14)
  3 shining eyes
  A will-o-the-wisp (Swamp:4)
  5 orc sorcerers
  21 moths of wrath
  3 torpor snails
  2 centaur zombies
  8 vault sentinels
  3 black mambas
  2 apocalypse crabs
  4 gargoyles
  5 eyes of devastation
  A torpor snail (shapeshifter) (Depths:2)
  A guardian serpent (shapeshifter) (Elf:3)
  3 orange demons
  15 cane toads
  20 elephants
  Maggie (D:7)
  A dire elephant skeleton (Lair:6)
  5 komodo dragons
  A komodo dragon (shapeshifter) (Vaults:2)
  2 kobold demonologists
  6 demonic crawlers
  3 freezing wraiths
  A yaktaur (shapeshifter) (D:14)
  3 rime drakes
  5 tengu conjurers
  3 hellwings (Swamp:4)
  8 yaktaurs
  36 jumping spiders
  2 polar bears
  6 trolls
  28 hornets
  3 meliai (D:15)
  Grinder (D:6)
  A raiju (Spider:1)
  9 tyrant leeches
  A raiju (shapeshifter) (Elf:3)
  83 slime creatures
  10 dream sheep
  23 blink frogs
  4 air elementals
  A vampire (D:12)
  65 redbacks
  A redback (shapeshifter) (Elf:1)
  A spriggan simulacrum (Swamp:2)
  31 tarantellas
  A spriggan (shapeshifter) (D:14)
  6 water elementals
  42 yaks
  16 spriggans
  7 wyverns
  A wraith (D:11)
  A hog (shapeshifter) (Depths:4)
  2 steam dragons (D:8)
  4 basilisks
  3 golden eyes (Slime:4)
  A hog (D:15)
  An ushabti (Zig:1)
  A death yak simulacrum (Lair:6)
  7 fire elementals
  3 fire bats (Depths:4)
  A human (D:14)
  4 chaos spawn
  13 vampire mosquitoes
  Menkaure (D:6)
  A warg (shapeshifter) (Depths:2)
  2 spectral cane toads (Lair:6)
  10 swamp worms
  5 wargs
  3 acid dragons
  Edmund (D:6)
  2 large abominations (Zot:2)
  2 floating eyes
  A swamp drake (Swamp:2)
  34 orc warriors
  22 water moccasins
  A sky beast (D:8)
  2 black bears
  A necrophage (D:7)
  13 ogres
  2 ice beasts
  3 small abominations (Abyss:2)
  7 centaurs
  46 wolves
  An elephant skeleton (Lair:6)
  2 elf simulacra (Elf:2)
  2 phantoms (D:5)
  4 kobold brigands
  8 bullfrogs
  3 scorpions
  A gnoll sergeant (D:6)
  3 earth elementals
  A water moccasin zombie (D:6)
  2 elephant simulacra (Lair:6)
  10 killer bees
  5 wights (D:7)
  A vampire bat (Orc:2)
  8 electric eels
  2 howler monkeys
  A crimson imp (D:5)
  A bullfrog zombie (D:6)
  A hound (D:5)
  A bullfrog skeleton (D:4)
  10 orc priests
  Crazy Yiuf (D:7)
  A scorpion zombie (D:5)
  19 orc wizards
  Natasha (thrice) (D:3)
  5 iguanas
  5 hell rats (Lair:5)
  A hound zombie (D:5)
  A howler monkey skeleton (D:4)
  3 adders
  5 gnolls (D:6)
  A shadow imp (D:7)
  3 white imps
  3 ufetubi (Gauntlet)
  3 worms
  54 orcs
  12 bats
  4 endoplasms
  4 giant cockroaches
  8 hobgoblins
  6 jackals (D:1)
  2 quokkas
  2 ball pythons
  9 frilled lizards
  4 goblins
  14 kobolds
  2 rats (D:3)
  A fire vortex (Depths:4)
1870 creatures vanquished.

Vanquished Creatures (collateral kills)
  A death yak (Lair:4)
  4 yaks (D:9)
  A swamp worm (Swamp:2)
  A centaur zombie (D:6)
7 creatures vanquished.

Vanquished Creatures (others)
  Aizul (Swamp:1)
  A yellow draconian (Depths:4)
  A spriggan berserker (Swamp:4)
  A deep elf knight (Elf:2)
  A deep elf pyromancer (Elf:1)
  2 deep elf zephyrmancers
  2 bloated husks
  A spriggan (Swamp:3)
  A human (D:15)
  A vampire mosquito (Swamp:1)
  4 lemures (D:7)
  An orc (Elf:2)
  65 bushes
  4 demonic plants (Gauntlet)
  52 fungi
  2 lost souls (Elf:2)
  63 plants
  4 toadstools (D:7)
  20 withered plants
227 creatures vanquished.

Grand Total: 2104 creatures vanquished

Notes
Turn   | Place    | Note
-------+----------+-------------------------------------------
     0 | D:1      | jasper the Demonspawn Artificer began the quest for the
                  | Orb.
     0 | D:1      | Reached XP level 1. HP: 15/15 MP: 1/1
   198 | D:1      | Reached skill level 1 in Dodging
   418 | D:1      | Gained mutation: You are partially covered in sharp spines.
                  | [demonic ancestry]
   418 | D:1      | Reached XP level 2. HP: 15/21 MP: 2/2
   652 | D:1      | Found a faded altar of an unknown god.
  1304 | D:2      | Gained mutation: You are mostly covered in sharp spines.
                  | [demonic ancestry]
  1304 | D:2      | Reached XP level 3. HP: 24/26 MP: 3/3
  1819 | D:3      | Noticed Natasha
  1833 | D:3      | Killed Natasha
  1834 | D:3      | Reached skill level 1 in Unarmed Combat
  1997 | D:3      | Noticed Natasha
  2099 | D:3      | Gained mutation: You have a somewhat thin skeletal
                  | structure. (Dex +2, Stealth+) [demonic ancestry]
  2099 | D:3      | Reached XP level 4. HP: 33/33 MP: 4/4
  2161 | D:3      | Killed Natasha
  2194 | D:3      | Noticed Natasha
  2289 | D:3      | Killed Natasha
  2384 | D:3      | You fall into a shaft and drop 2 floors!
  2384 | D:5      | Entered Level 5 of the Dungeon
  2384 | D:5      | Noticed an ice beast
  2406 | D:4      | Found Oczokhla's Antique Weapon Boutique.
  2414 | D:4      | Bought a dazzling hunting sling for 110 gold pieces
  2414 | D:4      | Identified the +6 hunting sling of the Salmon {vorpal,
                  | Dex+3} (You bought it in a shop on level 4 of the Dungeon)
  2513 | D:4      | Reached XP level 5. HP: 39/39 MP: 5/5
  2593 | D:4      | Found a burning altar of Makhleb.
  2611 | D:4      | Found a broken altar of Ashenzari.
  2613 | D:4      | Found a basalt altar of Yredelemnul.
  3034 | D:4      | Found a staircase to the Ecumenical Temple.
  3038 | Temple   | Entered the Ecumenical Temple
  3284 | Temple   | Became a worshipper of Cheibriados the Contemplative
  3366 | D:4      | Identified a scroll of acquirement
  3366 | D:4      | Acquired 1265 gold pieces
  3390 | D:5      | Reached skill level 1 in Slings
  3642 | D:5      | Reached XP level 6. HP: 45/47 MP: 6/6
  3839 | D:5      | Found a shimmering altar of Xom.
  3917 | D:5      | Reached skill level 5 in Unarmed Combat
  4026 | D:5      | Reached XP level 7. HP: 52/53 MP: 7/7
  4395 | D:5      | Found a runed translucent door.
  4399 | D:5      | Noticed jasper's ghost (novice DgFi)
  4784 | D:6      | Noticed Grinder
  4792 | D:6      | Noticed Edmund
  4794 | D:6      | Killed Grinder
  4795 | D:6      | Gained mutation: You regenerate magic rapidly. [demonic
                  | ancestry]
  4795 | D:6      | Reached XP level 8. HP: 61/61 MP: 8/8
  4802 | D:6      | Killed Edmund
  4895 | D:7      | Noticed Pikel
  4925 | D:7      | Killed Pikel
  4926 | D:7      | Reached skill level 5 in Fighting
  4969 | D:7      | Reached * piety under Cheibriados
  4983 | D:7      | Reached skill level 10 in Unarmed Combat
  5089 | D:7      | Reached XP level 9. HP: 69/69 MP: 9/9
  5885 | D:7      | Found a runed translucent door.
  5886 | D:7      | Noticed Crazy Yiuf
  5981 | D:7      | Noticed Maggie
  6002 | D:7      | Killed Maggie
  6002 | D:7      | Reached ** piety under Cheibriados
  6376 | D:7      | Killed Crazy Yiuf
  6465 | D:8      | Found Fuupaup's Distillery.
  6482 | D:8      | Bought a potion of curing for 48 gold pieces
  6482 | D:8      | Bought a potion of heal wounds for 80 gold pieces
  6482 | D:8      | Bought a potion of curing for 48 gold pieces
  6482 | D:8      | Bought a potion of heal wounds for 80 gold pieces
  6482 | D:8      | Bought a potion of might for 64 gold pieces
  6608 | D:8      | Reached skill level 5 in Dodging
  6857 | D:8      | Identified the +1 ring mail of Rotation {rPois Dex+5}
  7165 | D:8      | Found a hide-covered altar of Uskayaw.
  7288 | D:8      | Reached XP level 10. HP: 79/79 MP: 10/10
  7444 | D:8      | Reached *** piety under Cheibriados
  7452 | D:8      | Found a staircase to the Lair.
  8165 | Lair:1   | Entered Level 1 of the Lair of Beasts
  8282 | D:9      | Learned a level 2 spell: Blink
  8435 | D:9      | Identified the +0 ring mail "Wediraut" {rN+++ rCorr Dex-2
                  | SInv}
  8604 | D:9      | Reached skill level 1 in Invocations
  8657 | D:9      | Paralysed by a hornet for 3 turns
  8937 | D:9      | Reached **** piety under Cheibriados
  9431 | D:9      | Reached skill level 5 in Invocations
  9449 | D:9      | Found a radiant altar of Vehumet.
  9642 | D:10     | Entered Level 10 of the Dungeon
 10013 | D:10     | Gained mutation: You have sharp fingernails. [demonic
                  | ancestry]
 10013 | D:10     | Reached XP level 11. HP: 52/87 MP: 15/15
 10351 | D:10     | Found a staircase to the Orcish Mines.
 10417 | D:10     | Noticed Snorg
 10437 | D:10     | Killed Snorg
 10985 | D:10     | Learned a level 4 spell: Animate Dead
 11208 | D:11     | Noticed a skeletal warrior
 11238 | D:11     | Killed a skeletal warrior
 11748 | D:6      | Noticed Menkaure
 11755 | D:6      | Killed Menkaure
 12400 | Lair:1   | Reached skill level 1 in Shields
 12704 | Lair:1   | Reached ***** piety under Cheibriados
 12788 | Lair:1   | You are sucked into a shaft and drop 1 floor!
 12811 | Lair:2   | Reached skill level 2 in Shields
 12811 | Lair:2   | Reached skill level 10 in Invocations
 12912 | Lair:2   | Noticed a six-headed hydra
 12922 | Lair:2   | Killed a six-headed hydra
 13022 | Lair:2   | Noticed an eight-headed hydra
 13032 | Lair:2   | Killed an eight-headed hydra
 13479 | Lair:2   | Reached skill level 3 in Shields
 13690 | Lair:2   | Reached skill level 10 in Fighting
 13690 | Lair:2   | Gained mutation: You have very sharp fingernails. [demonic
                  | ancestry]
 13690 | Lair:2   | Reached XP level 12. HP: 95/97 MP: 20/20
 14029 | Lair:3   | Found a hole to the Spider Nest.
 14131 | Lair:3   | Found a gate leading to a gauntlet.
 14143 | Gauntlet | Entered a Gauntlet
 14143 | Gauntlet | Found a transporter.
 14143 | Gauntlet | Found a transporter.
 14391 | Gauntlet | Found a transporter.
 14409 | Gauntlet | Found a transporter.
 14409 | Gauntlet | Found a transporter.
 14409 | Gauntlet | Found a transporter.
 14412 | Gauntlet | Found a transporter.
 14412 | Gauntlet | Found a transporter.
 14413 | Gauntlet | Noticed a death scarab
 14424 | Gauntlet | Found a transporter.
 14424 | Gauntlet | Noticed a death scarab
 14442 | Gauntlet | Found a transporter.
 14444 | Gauntlet | Noticed a hell hog
 14452 | Gauntlet | Found a transporter.
 14453 | Gauntlet | Noticed a hell beast
 14469 | Gauntlet | Found a transporter.
 14487 | Gauntlet | Found a transporter.
 14500 | Gauntlet | Found a transporter.
 14546 | Gauntlet | Reached skill level 4 in Shields
 14623 | Gauntlet | Identified the ring of Bishit {Drain rN+ rCorr Dex+5}
 14663 | Gauntlet | Killed a hell beast
 14664 | Gauntlet | Reached skill level 1 in Necromancy
 14664 | Gauntlet | Reached skill level 1 in Translocations
 14763 | Gauntlet | Noticed a minotaur
 14769 | Gauntlet | Killed a minotaur
 16717 | Lair:4   | Gained mutation: When hurt, damage is shared between your
                  | health and your magic reserves. [demonic ancestry]
 16717 | Lair:4   | Reached XP level 13. HP: 106/106 MP: 22/22
 17193 | Lair:4   | Reached skill level 5 in Necromancy
 17305 | Lair:4   | Reached ****** piety under Cheibriados
 17407 | Lair:4   | Found a staircase to the Swamp.
 17918 | Lair:5   | Reached skill level 15 in Unarmed Combat
 18287 | Lair:5   | Got Fysodixt's Disquisition on Harmful Dark Rites
 18972 | Lair:6   | Entered Level 6 of the Lair of Beasts
 18972 | Lair:6   | Found a staircase to the Slime Pits.
 19506 | Lair:6   | Gained mutation: You have claws for hands. [demonic
                  | ancestry]
 19506 | Lair:6   | Reached XP level 14. HP: 116/116 MP: 23/23
 19836 | Lair:6   | Reached skill level 5 in Shields
 21504 | Lair:6   | Identified the +6 dagger "Tocwal" {drain, rPois rF- Str+2
                  | Int+4}
 21899 | Orc:1    | Entered Level 1 of the Orcish Mines
 21920 | Orc:1    | Reached skill level 6 in Shields
 22037 | Orc:2    | Entered Level 2 of the Orcish Mines
 23359 | Orc:2    | Found Qiehatat's Antique Armour Shoppe.
 23373 | Orc:2    | Bought a helmet for 117 gold pieces
 23482 | Orc:2    | Found Huorghoa's General Store.
 23491 | Orc:2    | Bought a +1 cloak of willpower for 198 gold pieces
 23491 | Orc:2    | Bought a tin of tremorstones (2/2) for 480 gold pieces
 23491 | Orc:2    | Bought a scroll of immolation for 42 gold pieces
 23491 | Orc:2    | Bought a scroll of identify for 24 gold pieces
 23491 | Orc:2    | Bought a scroll of fog for 24 gold pieces
 23535 | Orc:2    | Learned a level 3 spell: Vampiric Draining
 23551 | Orc:1    | Noticed Fannar
 23562 | Orc:1    | Killed Fannar
 23563 | Orc:1    | Found Paxowegh's Assorted Antiques.
 23604 | Orc:1    | Bought a scroll of teleportation for 93 gold pieces
 23604 | Orc:1    | Bought a scroll of teleportation for 93 gold pieces
 23604 | Orc:1    | Bought a potion of curing for 93 gold pieces
 23604 | Orc:1    | Bought 2 potions of curing for 186 gold pieces
 23675 | Orc:1    | Found a runed translucent door.
 23681 | Orc:1    | Identified the +5 chain mail "Attosues" {+Blink rElec rC+}
 23681 | Orc:1    | Noticed Pooter's ghost (journeyman MiBe)
 23698 | Orc:1    | Found Derest's Distillery.
 23702 | Orc:1    | Found Tiluetti's Armour Emporium.
 23722 | Orc:1    | Bought a potion of magic for 120 gold pieces
 23722 | Orc:1    | Bought a potion of invisibility for 120 gold pieces
 23722 | Orc:1    | Bought a potion of curing for 45 gold pieces
 23722 | Orc:1    | Bought a potion of curing for 45 gold pieces
 23722 | Orc:1    | Bought a potion of lignification for 45 gold pieces
 23744 | Orc:1    | Found Bamy's Weapon Shoppe.
 23870 | Orc:1    | Killed Pooter's ghost
 23923 | Orc:2    | Found a staircase to the Elven Halls.
 23940 | Orc:2    | Found Paiqor's Jewellery Shoppe.
 23948 | Orc:2    | Bought an amulet of reflection for 480 gold pieces
 24109 | Orc:2    | Noticed an orc warlord
 24110 | Orc:2    | Found Varagaf's Antique Weapon Emporium.
 24119 | Orc:2    | Gained mutation: You have a moderately thin skeletal
                  | structure. (Dex +4, Stealth++) [demonic ancestry]
 24119 | Orc:2    | Reached XP level 15. HP: 115/124 MP: 8/24
 24127 | Orc:2    | Killed an orc warlord
 24215 | Orc:2    | Found Bigycke's Antique Weapon Shop.
 24485 | Orc:2    | Learned a level 5 spell: Silence
 24748 | D:11     | Reached skill level 7 in Shields
 25059 | D:11     | Found a runed translucent gate.
 25059 | D:11     | Found a runed translucent gate.
 25060 | D:11     | Found an opulent altar of Gozag.
 25060 | D:11     | Found a runed translucent gate.
 25062 | D:11     | Found Ydo Celeo's Assorted Antiques.
 25063 | D:11     | Noticed Hypnoxylon's ghost (journeyman TrMo)
 25091 | D:11     | Killed Hypnoxylon's ghost
 25262 | D:11     | Bought a bone ring for 95 gold pieces
 25262 | D:11     | Bought a crooked brass wand for 76 gold pieces
 25262 | D:11     | Bought a wand of iceblast (5) for 76 gold pieces
 25262 | D:11     | Bought 2 potions of heal wounds for 190 gold pieces
 25262 | D:11     | Bought a scroll of blinking for 142 gold pieces
 25262 | D:11     | Bought a scroll labelled YPLYR BOS for 19 gold pieces
 25262 | D:11     | Bought a potion of magic for 152 gold pieces
 27088 | D:13     | Reached skill level 10 in Dodging
 27811 | D:14     | Found a gate to the Vaults.
 28136 | D:14     | Reached skill level 8 in Shields
 28137 | D:14     | Found Necas's Magic Scroll Shop.
 28140 | D:14     | Bought a scroll of summoning for 142 gold pieces
 28640 | D:15     | Entered Level 15 of the Dungeon
 29055 | D:15     | Noticed Kirke
 29069 | D:15     | Killed Kirke
 29146 | D:15     | Reached XP level 16. HP: 45/133 MP: 3/25
 29873 | D:15     | Cast into level 2 of the Abyss (a wizard)
 29873 | Abyss:2  | Found a corrupted altar of Lugonu.
 29987 | Abyss:2  | Noticed a tentacled starspawn
 29991 | D:15     | Escaped the Abyss
 30000 | D:14     | Killed a tentacled starspawn
 30598 | D:15     | Found a staircase to the Depths.
 31240 | Swamp:1  | Entered Level 1 of the Swamp
 31240 | Swamp:1  | Noticed Aizul
 31246 | Swamp:1  | Reached skill level 9 in Shields
 31248 | Swamp:1  | Killed Aizul
 31253 | Swamp:1  | Paralysed by a hornet for 3 turns
 31532 | Swamp:1  | Noticed Jorgrun
 31551 | Swamp:1  | Killed Jorgrun
 32697 | Swamp:2  | Reached skill level 15 in Fighting
 32699 | Swamp:2  | Noticed a thorn hunter
 32718 | Swamp:2  | Killed a thorn hunter
 32987 | Swamp:2  | Found an ancient bone altar of Kikubaaqudgha.
 33013 | Swamp:2  | Got Kikubaaqudgha's Volume of Dark Rituals
 33524 | Swamp:2  | Gained mutation: You have an unnaturally thin skeletal
                  | structure. (Dex +6, Stealth+++) [demonic ancestry]
 33524 | Swamp:2  | Reached XP level 17. HP: 129/142 MP: 23/26
 34089 | Swamp:3  | Noticed Louise
 34102 | Swamp:3  | Reached skill level 10 in Shields
 34105 | Swamp:3  | Killed Louise
 34590 | Swamp:3  | Found a sacrificial altar of Ru.
 34703 | Swamp:3  | Identified the +8 spear of Ebezy {elec, Int+3}
 34877 | Swamp:4  | Entered Level 4 of the Swamp
 35582 | Swamp:4  | Reached skill level 11 in Shields
 35594 | Swamp:4  | Noticed a tentacled monstrosity
 35608 | Swamp:4  | Killed a tentacled monstrosity
 35755 | Swamp:4  | Reached skill level 12 in Shields
 36230 | Swamp:4  | Got a decaying rune of Zot
 36609 | Swamp:4  | Reached skill level 13 in Shields
 37197 | Spider:1 | Entered Level 1 of the Spider Nest
 37918 | Spider:1 | Reached skill level 14 in Shields
 37936 | Spider:1 | Gained mutation: Your hexes are more powerful. [demonic
                  | ancestry]
 37936 | Spider:1 | Reached XP level 18. HP: 105/149 MP: 19/27
 39957 | Spider:2 | You are sucked into a shaft and drop 1 floor!
 40092 | Spider:2 | Reached skill level 15 in Shields
 40968 | Spider:3 | Noticed Arachne
 40986 | Spider:3 | Killed Arachne
 42492 | Spider:4 | Entered Level 4 of the Spider Nest
 43554 | Spider:4 | Reached skill level 16 in Shields
 45257 | Spider:4 | Got the Incunabulum of Damaging Lightness
 45333 | Spider:4 | Found a runed translucent door.
 45333 | Spider:4 | Found a shimmering altar of Xom.
 45333 | Spider:4 | Noticed Plog's ghost (adept MiBe)
 46099 | Spider:4 | Got a gossamer rune of Zot
 46396 | Elf:1    | Entered Level 1 of the Elven Halls
 46407 | Elf:1    | Reached skill level 17 in Shields
 46956 | Elf:1    | Learned a level 3 spell: Ozocubu's Armour
 47121 | Elf:1    | Reached XP level 19. HP: 76/155 MP: 18/28
 47790 | Elf:1    | Reached skill level 18 in Shields
 48428 | Elf:2    | Paralysed by an air elemental for 1 turns
 48432 | Elf:2    | Found a crumbling gateway.
 48473 | Elf:2    | Found Rirchiddu's Weapon Shop.
 48474 | Elf:2    | Found Gozeqie's Armour Emporium.
 48489 | Elf:2    | Paralysed by an air elemental for 1 turns
 48491 | Elf:2    | Paralysed by an air elemental for 1 turns
 48669 | Elf:2    | Found a runed translucent gate.
 48669 | Elf:2    | Found a runed translucent gate.
 48670 | Elf:2    | Found a runed translucent gate.
 49386 | Elf:2    | Reached skill level 19 in Shields
 49923 | Elf:3    | Entered Level 3 of the Elven Halls
 49983 | Elf:3    | Found Uniy's Distillery.
 49988 | Elf:3    | Bought a potion of heal wounds for 65 gold pieces
 49988 | Elf:3    | Bought a potion of lignification for 39 gold pieces
 49988 | Elf:3    | Bought a potion of lignification for 39 gold pieces
 49988 | Elf:3    | Bought a potion of magic for 104 gold pieces
 49988 | Elf:3    | Bought a potion of curing for 39 gold pieces
 49988 | Elf:3    | Bought a potion of berserk rage for 65 gold pieces
 49988 | Elf:3    | Bought a potion of ambrosia for 104 gold pieces
 50092 | Elf:3    | Found Geidawk's Antique Weapon Emporium.
 50819 | Elf:3    | Reached skill level 20 in Shields
 51337 | Elf:3    | Found the +8 orange crystal plate armour {Archmagi, Int+3
                  | Clar}
 51341 | Elf:3    | Identified the +5 kite shield "Fesmacky" {Rampage Str-4
                  | Int+7 SInv}
 51432 | Elf:3    | Got Zuoshaix's Volume of Fiery Attacks
 51839 | Vaults:1 | Entered Level 1 of the Vaults
 52082 | Vaults:1 | Noticed Asterion
 52090 | Vaults:1 | Gained mutation: You are completely covered in sharp
                  | spines. [demonic ancestry]
 52090 | Vaults:1 | Reached XP level 20. HP: 157/162 MP: 27/29
 52106 | Vaults:1 | Killed Asterion
 52336 | Vaults:1 | Reached skill level 21 in Shields
 52827 | Vaults:1 | Paralysed by a great orb of eyes for 5 turns
 54504 | Vaults:2 | Reached skill level 22 in Shields
 55012 | Vaults:2 | Acquired the +2 hat of the Bear Spirit {Spirit, *Rage rN+
                  | Will++}
 55012 | Vaults:2 | Found the +2 hat of the Bear Spirit {Spirit, *Rage rN+
                  | Will++}
 55028 | Vaults:2 | Acquired 885 gold pieces
 55030 | Vaults:2 | Acquired a scarf of resistance
 55282 | Vaults:2 | Found a portal to a secret trove of treasure.
 55353 | Vaults:2 | You paid a toll of 19 potions of curing to enter a treasure
                  | trove
 55354 | Trove    | Entered a treasure trove
 55394 | Trove    | Got Nidush's Handbook of the Hurtful Arsonist
 55397 | Trove    | Got Vel Irug's Volume of Damage Dealing and Transmutation
 55403 | Trove    | Got the Grimoire of Glacial Conjuration
 55474 | Vaults:2 | Noticed Xtahua
 55487 | Vaults:2 | Killed Xtahua
 56393 | Vaults:3 | Noticed Bai Suzhen
 56411 | Vaults:3 | Killed Bai Suzhen
 56447 | Vaults:3 | Noticed Mennas
 56637 | Depths:1 | Entered Level 1 of the Depths
 56669 | Depths:1 | Reached skill level 23 in Shields
 56690 | Depths:1 | Found a gateway to Hell.
 56988 | Depths:1 | Found a large runed translucent door.
 56990 | Depths:1 | Noticed a caustic shrike
 56991 | Depths:1 | Found a large runed translucent door.
 56992 | Depths:1 | Found a large runed translucent door.
 56993 | Depths:1 | Found a large runed translucent door.
 57061 | Depths:1 | Reached XP level 21. HP: 139/167 MP: 26/30
 57365 | Depths:1 | Found Zuubail's Pet Rocks.
 57588 | Depths:1 | Noticed Mara
 57624 | Depths:1 | Killed Mara
 58107 | Depths:1 | Reached skill level 24 in Shields
 58280 | Depths:1 | Found a one-way gate leading to the halls of Pandemonium.
 58354 | Depths:1 | Found a large runed translucent door.
 58358 | Depths:1 | Found a large runed translucent door.
 58449 | Depths:1 | Found a large runed translucent door.
 58451 | Depths:1 | Found a large runed translucent door.
 59155 | Depths:2 | Found a one-way gate to the infinite horrors of the Abyss.
 59417 | Depths:2 | Found an iron altar of Okawaru.
 59600 | Depths:2 | Identified the +5 plate armour "Gah Udym" {Harm rElec}
 60361 | Depths:2 | Noticed a juggernaut
 60470 | Depths:1 | Killed a juggernaut
 61156 | Depths:2 | Reached skill level 25 in Shields
 61600 | Depths:3 | Reached skill level 5 in Armour
 62280 | Depths:3 | Gained mutation: When low on magic, you restore magic in
                  | place of health. [demonic ancestry]
 62280 | Depths:3 | Reached XP level 22. HP: 153/175 MP: 27/31
 62497 | Depths:3 | Noticed a caustic shrike
 62497 | Depths:3 | Noticed a caustic shrike
 62497 | Depths:3 | Noticed a caustic shrike
 62497 | Depths:3 | Noticed a caustic shrike
 62500 | Depths:3 | Killed a caustic shrike
 62500 | Depths:3 | Killed a caustic shrike
 62500 | Depths:3 | Killed a caustic shrike
 62500 | Depths:3 | Killed a caustic shrike
 62574 | Depths:3 | Noticed a golden dragon
 62574 | Depths:3 | Noticed a caustic shrike
 62574 | Depths:3 | Noticed a caustic shrike
 62574 | Depths:3 | Noticed a juggernaut
 62574 | Depths:3 | Noticed a golden dragon
 62575 | Depths:3 | Noticed a caustic shrike
 62575 | Depths:3 | Noticed a caustic shrike
 62577 | Depths:3 | Killed a caustic shrike
 62577 | Depths:3 | Killed a caustic shrike
 62577 | Depths:3 | Killed a caustic shrike
 62578 | Depths:3 | Killed a caustic shrike
 62583 | Depths:3 | Killed a golden dragon
 62589 | Depths:3 | Killed a juggernaut
 62591 | Depths:3 | Reached skill level 10 in Armour
 62594 | Depths:3 | Killed a golden dragon
 63351 | Depths:3 | Noticed a golden dragon
 63367 | Depths:3 | Killed a golden dragon
 63540 | Depths:3 | Found a gateway to a ziggurat.
 63553 | Zig:1    | Entered Level 1 of a ziggurat
 64092 | Depths:4 | Entered Level 4 of the Depths
 64230 | Depths:4 | Noticed a caustic shrike
 64235 | Depths:4 | Noticed a caustic shrike
 64237 | Depths:4 | Noticed a caustic shrike
 64248 | Depths:4 | Killed a caustic shrike
 64252 | Depths:4 | Killed a caustic shrike
 64260 | Depths:4 | Killed a caustic shrike
 64788 | Depths:4 | Paralysed by a floating eye for 2 turns
 64915 | Depths:4 | Noticed a caustic shrike
 64916 | Depths:4 | Noticed a caustic shrike
 64917 | Depths:4 | Noticed a caustic shrike
 64938 | Depths:4 | Killed a caustic shrike
 64950 | Depths:4 | Killed a caustic shrike
 64953 | Depths:4 | Killed a caustic shrike
 64954 | Depths:4 | Reached skill level 5 in Translocations
 65709 | Depths:4 | Identified the +3 halberd of the Shore {drain, Will+ rCorr
                  | Dex+2}
 66126 | Depths:4 | Noticed a golden dragon
 66134 | Depths:4 | Killed a golden dragon
 66175 | Depths:4 | Gained mutation: Your melee attacks may debilitate your
                  | foes. [demonic ancestry]
 66175 | Depths:4 | Reached XP level 23. HP: 150/182 MP: 32/32
 66923 | Depths:4 | Found a gate to the Realm of Zot.
 67338 | Slime:1  | Entered Level 1 of the Pits of Slime
 67616 | Slime:2  | Reached skill level 10 in Translocations
 67904 | Slime:2  | Paralysed by a floating eye for 3 turns
 68175 | Slime:1  | Gained mutation: Your spells are a little easier to cast,
                  | but a little less powerful. [a shining eye]
 68182 | Slime:1  | Gained mutation: You passively map a small area around you.
                  | [a shining eye]
 68395 | Slime:3  | Gained mutation: You are frail. (-10% HP) [a shining eye]
 68399 | Slime:3  | Gained mutation: Armour fits poorly on your strangely
                  | shaped body. [a shining eye]
 68659 | Slime:5  | Entered Level 5 of the Pits of Slime
 68953 | Slime:5  | Noticed the Royal Jelly
 68961 | Slime:5  | Found a viscous altar of Jiyva.
 68978 | Slime:5  | Killed the Royal Jelly
 68983 | Slime:5  | Gained mutation: You are weak. (Str -2) [a shining eye]
 68997 | Slime:5  | Found the +7 great mace "Undeadhunter" {disrupt, rN+}
 69296 | Slime:5  | Found the amulet of Vitality {Regen+ HP+15}
 69302 | Slime:5  | Found the +8 autumn katana {vorpal, Clar}
 69312 | Slime:5  | Identified the +6 arbalest "Salew" {vorpal, SInv}
 69316 | Slime:5  | Identified the +1 leather armour of Amueges {rF+ rCorr
                  | Dex+6}
 69354 | Slime:5  | Got a slimy rune of Zot
 69355 | Slime:5  | Identified the +9 morningstar "Emeideagh" {protect, Will+
                  | Dex+3}
 69858 | Zot:1    | Entered Level 1 of the Realm of Zot
 69861 | Depths:4 | Lost mutation: You passively map a small area around you.
                  | [potion of mutation]
 69861 | Depths:4 | Lost mutation: You are frail. (-10% HP) [potion of
                  | mutation]
 69861 | Depths:4 | Gained mutation: You are strong-willed. (Will+) [potion of
                  | mutation]
 69862 | Depths:4 | Lost mutation: Armour fits poorly on your strangely shaped
                  | body. [potion of mutation]
 69862 | Depths:4 | Lost mutation: Your spells are a little easier to cast, but
                  | a little less powerful. [potion of mutation]
 69862 | Depths:4 | Gained mutation: You are clumsy. (Dex -2) [potion of
                  | mutation]
 69862 | Depths:4 | Gained mutation: Your magical capacity is low. (-10% MP)
                  | [potion of mutation]
 69863 | Depths:4 | Lost mutation: You are strong-willed. (Will+) [potion of
                  | mutation]
 69863 | Depths:4 | Lost mutation: You are weak. (Str -2) [potion of mutation]
 69863 | Depths:4 | Gained mutation: Your magical capacity is very low. (-20%
                  | MP) [potion of mutation]
 69863 | Depths:4 | Gained mutation: Your system is resistant to poisons.
                  | (rPois) [potion of mutation]
 69913 | Depths:4 | Acquired a manual of Evocations
 71247 | Zot:1    | Found a runed translucent gate.
 71247 | Zot:1    | Found a runed translucent gate.
 71247 | Zot:1    | Found a runed translucent gate.
 71250 | Zot:1    | Noticed an ancient lich
 71250 | Zot:1    | Noticed Rir Ukk's ghost (legendary HOMo)
 71251 | Zot:1    | Noticed a dread lich
 72053 | Zot:2    | Noticed a Killer Klown
 72284 | Zot:2    | Killed a Killer Klown
 73122 | Zot:2    | Identified the ring of Teazxeb {Drain rPois Will+ Str+2
                  | Dex+5}
 74146 | Zot:3    | Reached XP level 24. HP: 193/193 MP: 25/25
 75140 | Zot:3    | Noticed an orb of fire
 75141 | Zot:3    | Gained mutation: You are weak. (Str -2) [an orb of fire]
 75144 | Zot:3    | Gained mutation: You do not regenerate when monsters are
                  | visible. [an orb of fire]
 75146 | Zot:3    | Gained mutation: Your body sometimes deteriorates upon
                  | taking damage. [an orb of fire]
 75155 | Zot:3    | Gained mutation: Your spells are a little easier to cast,
                  | but a little less powerful. [an orb of fire]
 75157 | Zot:3    | Killed an orb of fire
 75176 | Zot:3    | Lost mutation: You are weak. (Str -2) [potion of mutation]
 75176 | Zot:3    | Lost mutation: You are clumsy. (Dex -2) [potion of
                  | mutation]
 75176 | Zot:3    | Gained mutation: You are agile. (Dex +2) [potion of
                  | mutation]
 75176 | Zot:3    | Gained mutation: You have hidden genetic potential. [potion
                  | of mutation]
 75177 | Zot:3    | Lost mutation: Your body sometimes deteriorates upon taking
                  | damage. [potion of mutation]
 75177 | Zot:3    | Lost mutation: Your system is resistant to poisons. (rPois)
                  | [potion of mutation]
 75177 | Zot:3    | Lost mutation: You have hidden genetic potential. [potion
                  | of mutation]
 75177 | Zot:3    | Lost mutation: Your spells are a little easier to cast, but
                  | a little less powerful. [potion of mutation]
 75178 | Zot:3    | Lost mutation: You are agile. (Dex +2) [potion of mutation]
 75178 | Zot:3    | Lost mutation: Your magical capacity is very low. (-20% MP)
                  | [potion of mutation]
 75178 | Zot:3    | Gained mutation: You sometimes lose the ability to read
                  | scrolls when taking damage. [potion of mutation]
 75178 | Zot:3    | Gained mutation: Your muscles are strong. (Str +2) [potion
                  | of mutation]
 75178 | Zot:3    | Gained mutation: You tend to lose your temper in combat.
                  | [potion of mutation]
 75179 | Zot:3    | Lost mutation: You tend to lose your temper in combat.
                  | [potion of mutation]
 75179 | Zot:3    | Lost mutation: Your muscles are strong. (Str +2) [potion of
                  | mutation]
 75179 | Zot:3    | Lost mutation: Your magical capacity is low. (-10% MP)
                  | [potion of mutation]
 75179 | Zot:3    | Gained mutation: Your magical capacity is low. (-10% MP)
                  | [potion of mutation]
 75180 | Zot:3    | Lost mutation: Your magical capacity is low. (-10% MP)
                  | [potion of mutation]
 75180 | Zot:3    | Lost mutation: You sometimes lose the ability to read
                  | scrolls when taking damage. [potion of mutation]
 75180 | Zot:3    | Lost mutation: You do not regenerate when monsters are
                  | visible. [potion of mutation]
 75180 | Zot:3    | Gained mutation: You are dopey. (Int -2) [potion of
                  | mutation]
 75429 | Zot:3    | Found a huge runed gate.
 75429 | Zot:3    | Found a huge runed gate.
 75429 | Zot:3    | Found a huge runed gate.
 75429 | Zot:3    | Found a huge runed gate.
 75429 | Zot:3    | Found a huge runed gate.
 75429 | Zot:3    | Found a huge runed gate.
 75429 | Zot:3    | Found a huge runed gate.
 75429 | Zot:3    | Found a huge runed gate.
 75429 | Zot:3    | Found a huge runed gate.
 75431 | Zot:3    | Found a huge runed gate.
 76038 | Zot:3    | You are sucked into a shaft and drop 1 floor!
 76038 | Zot:4    | Found a huge runed gate.
 76038 | Zot:4    | Found a huge runed gate.
 76038 | Zot:4    | Found a huge runed gate.
 76038 | Zot:4    | Found a huge runed gate.
 76038 | Zot:4    | Found a huge runed gate.
 76038 | Zot:4    | Found a huge runed gate.
 76038 | Zot:4    | Found a huge runed gate.
 76038 | Zot:4    | Found a huge runed gate.
 76038 | Zot:4    | Found a huge runed gate.
 76038 | Zot:4    | Found a huge runed gate.
 76043 | Zot:4    | Found a huge runed gate.
 76043 | Zot:4    | Found a huge runed gate.
 76043 | Zot:4    | Found a huge runed gate.
 76043 | Zot:4    | Found a huge runed gate.
 77821 | Zot:4    | Found a huge runed gate.
 77821 | Zot:4    | Found a huge runed gate.
 78013 | Zot:4    | Found a huge runed gate.
 78015 | Zot:4    | Found a huge runed gate.
 78015 | Zot:4    | Found a huge runed gate.
 78022 | Zot:4    | Found a huge runed gate.
 78022 | Zot:4    | Found a huge runed gate.
 78022 | Zot:4    | Found a huge runed gate.
 78022 | Zot:4    | Found a huge runed gate.
 78022 | Zot:4    | Found a huge runed gate.
 78022 | Zot:4    | Found a huge runed gate.
 78023 | Zot:4    | Found a huge runed gate.
 78024 | Zot:4    | Found a huge runed gate.
 78025 | Zot:4    | Found a huge runed gate.
 78033 | Zot:4    | Found a huge runed gate.
 78033 | Zot:4    | Found a huge runed gate.
 78033 | Zot:4    | Found a huge runed gate.
 78033 | Zot:4    | Found a huge runed gate.
 78033 | Zot:4    | Found a huge runed gate.
 78033 | Zot:4    | Found a huge runed gate.
 78034 | Zot:4    | Found a huge runed gate.
 78037 | Zot:4    | Found a huge runed gate.
 78184 | Zot:5    | Entered Level 5 of the Realm of Zot
 78606 | Zot:5    | Noticed an orb of fire
 78606 | Zot:5    | Gained mutation: Your body sometimes deteriorates upon
                  | taking damage. [an orb of fire]
 78607 | Zot:5    | Gained mutation: Your spells are a little easier to cast,
                  | but a little less powerful. [an orb of fire]
 78609 | Zot:5    | Gained mutation: You occasionally shout uncontrollably at
                  | your foes. [an orb of fire]
 78625 | Zot:5    | Killed an orb of fire
 78646 | Zot:5    | Found Titex's Last-Chance Deals.
 78654 | Zot:5    | Bought the +0 pair of boots of the Jackalope {rF+ Str+2}
                  | for 1 gold piece
 79372 | Zot:5    | Noticed an ancient lich
 79380 | Zot:5    | Killed an ancient lich
 79573 | Zot:5    | Noticed a dread lich
 79584 | Zot:5    | Killed a dread lich
 79600 | Zot:5    | Noticed an orb of fire
 79601 | Zot:5    | Noticed a dread lich
 79624 | Zot:5    | Killed a dread lich
 79635 | Zot:5    | HP: 1/212 [red draconian scorcher/damnation (18)]
 79635 | Zot:5    | Noticed a Killer Klown
 79635 | Zot:5    | Killed from afar by a purple draconian shifter

Illustrated notes

Levels and vault maps discovered:
D:1:      dpeg_arrival_pits, layout_basic, basic_ecumenical_altar,
          kennysheep_decorative_pillar, minmay_lizard_pond
D:2:      layout_basic
D:3:      layout_basic, uniq_natasha
D:4:      layout_gridville, minmay_overflow_temple_star_hex,
          mainiacjoe_overflow_alcove_1, temple_hall_moat, serial_shops, shop
D:5:      layout_basic, kennysheep_mini_moat, ebering_ghost_sewer_d,
          st_stairs_9, minmay_fire_ice_demons
D:6:      layout_basic, minivault_24, uniq_edmund, uniq_grinder, uniq_menkaure
D:7:      layout_basic, minmay_gold_behind_fungi, minmay_manual_mares,
          uniq_maggie, uniq_pikel, uniq_crazy_yiuf_cottage
D:8:      layout_cave_pods, kennysheep_mini, minmay_lair_entry_grove,
          serial_shops, nicolae_shop_crystal
D:9:      layout_small_grid, mainiacjoe_overflow_surrounded_room,
          kennysheep_minor_cross, kennysheep_generic_room_3
D:10:     layout_roguey, orc_0_dummy, uniq_snorg
D:11:     kennysheep_big_flooded_room, layout_gridville, ebering_ghost_gozag
D:12:     layout_basic, kennysheep_cross_room
D:13:     layout_gridville
D:14:     layout_basic, grunt_vaults_entry_fortified, patterned_corridor,
          serial_shops, nicolae_shop_behind_doors
D:15:     gammafunk_enter_depths_forms, layout_cave_pools, minmay_misc_feat_iff,
          uniq_kirke
Temple:   oiseaux_autumnal_temple
Lair:1:   layout_roguey, wad_woods_river_02, infiniplex_staircase_pool_2,
          lemuel_fruit_tree, uniq_gastronok, uniq_joseph
Lair:2:   layout_roguey
Lair:3:   layout_cellular_growth, spider_nest_entry_webs,
          gauntlet_entry_generic, grunt_megastairs_1, serial_bayou_shore_b
Lair:4:   layout_cellular_growth, swamp_mist_pool,
          chequers_serial_rivers_small_a, grunt_forest_large_clearings,
          serial_bayou_shore_b
Lair:5:   layout_cave_pods, small_statue_intersection,
          chequers_serial_rivers_micro_b, chequers_serial_rivers_micro_c,
          serial_bayou_shore_b
Lair:6:   due_jungle_book, layout_regular_city, minmay_slime_entry_oklob_open
Swamp:1:  layout_basic_swamp, evilmike_swamp_ruin_house_2, swamp_pool4,
          nicolae_swamp_catching_bugs, infiniplex_staircase_pool, uniq_aizul,
          uniq_jorgrun
Swamp:2:  layout_basic_swamp, hangedman_swamp_ruin_hall, swamp_pool3,
          beargit_kiku_chapel
Swamp:3:  layout_basic_swamp, basic_altar, swamp_pool4, uniq_louise
Swamp:4:  nzn_swamp_witches_coven, layout_basic_swamp
Spider:1: layout_spider_delve, beargit_elvish_explorers
Spider:2: nicolae_spider_hilbert_zone_1 [nicolae_spider_hilbert_4_sides_1_open,
          nicolae_spider_hilbert_4_sides_1_open,
          nicolae_spider_hilbert_4_sides_1_open,
          nicolae_spider_hilbert_4_sides_1_open,
          nicolae_spider_hilbert_3_sides_1_open,
          nicolae_spider_hilbert_3_sides_1_open,
          nicolae_spider_hilbert_3_sides_1_open,
          nicolae_spider_hilbert_3_sides_1_open,
          nicolae_spider_hilbert_3_sides_1_open,
          nicolae_spider_hilbert_6_sides_1_open,
          nicolae_spider_hilbert_6_sides_1_open,
          nicolae_spider_hilbert_3_sides_1_open,
          nicolae_spider_hilbert_3_sides_1_open,
          nicolae_spider_hilbert_3_sides_1_open,
          nicolae_spider_hilbert_3_sides_1_open,
          nicolae_spider_hilbert_2_sides_1_open]
Spider:3: layout_chambers, uniq_arachne
Spider:4: grunt_spider_rune_parallel, ebering_ghost_xom
Slime:1:  layout_caves
Slime:2:  layout_caves, cheibrodos_slime_lost_civilization_5
Slime:3:  layout_caves, cheibrodos_slime_lost_civilization_7
Slime:4:  layout_caves
Slime:5
Orc:1:    layout_diamond_mine, ebering_ghost_inner_flame, serial_shops, shop,
          nicolae_shop_overgrown_old_shop,
          nicolae_shop_temple_entry_statues_fountains,
          nicolae_shop_behind_doors, uniq_fannar
Orc:2:    grunt_orc_gardens, layout_caves, grunt_orc_garden, grunt_orc_garden,
          grunt_orc_garden, grunt_orc_garden, basic_altar, serial_shops,
          nicolae_shop_trees, library_closet, roderic_batcave,
          bh_open_orc_temple
Elf:1:    elf_arrival_001, layout_loops_corners,
          hangedman_elven_crosses_minicolossus, nrook_uturn
Elf:2:    nicolae_elf_blades_splatter_lattice
          [nicolae_blade_entry_crossed_weapons], layout_geoelf_octagon,
          portal_desolation_entry_holy_temple, nicolae_wooded_promenade,
          nicolae_elf_deep_mausoleum
Elf:3:    minmay_elf_hall_dome, layout_geoelf_diagonals, serial_shops, shop,
          nicolae_shop_waterfront, grunt_megastairs_4
Vaults:1: v_pattern_2, hangedman_vaults_stitches, nicolae_vaults_back_hallway,
          nicolae_vaults_little_squares_2, nicolae_vaults_asterisk,
          vaults_room_semicircle, vaults_room_octagon, hangedman_vaults_snaps,
          hangedman_vaults_cutoff, v_alt_pattern_6,
          nicolae_vaults_yaktaur_gun_rack, layout_vaults_omnicross,
          uniq_asterion
Vaults:2: vaults_mumra_hex, st_lines, ontoclasm_vaults_claustrophobia,
          v_misc_31, hangedman_vaults_capsules, v_pattern_4,
          nicolae_vaults_little_squares_4, nicolae_vaults_shelves_hall,
          layout_vaults_quadrants, enter_trove_2, uniq_xtahua
Vaults:3: minmay_crypt_entry_simple_walls, nicolae_vaults_know_your_exits,
          v_misc_28, dpeg_vaults_monster_box, ontoclasm_vaults_hangar,
          vaults_room_hallway, vaults_room_hallway, v_misc_8,
          nicolae_vaults_little_squares_2,
          vaults_standard_mumra_enter_the_diamond, grunt_vaults_hallway_short,
          layout_vaults_ring, serial_shops, shop, uniq_sojobo, uniq_bai_suzhen,
          uniq_mennas, uniq_saint_roka
Depths:1: minmay_five_octagons, layout_basic, pan_entry, minmay_hedge_maze,
          hangedman_geh_valley, grunt_decor_mini_mirrors, guppyfry_shop_earth,
          serial_bayou_shore_b, uniq_mara
Depths:2: minmay_isolated_rectangles_in_corner, layout_basic, lightli_too_deep,
          abyss_entry, serial_bayou, serial_bayou_ford_a, serial_bayou_pond_c,
          serial_bayou_pond_d, serial_bayou_pond_b, serial_bayou_pond_d,
          serial_bayou_pond_d, pan_entry, okawaru_altar_gauntlet_db,
          infiniplex_staircase_squiggle, serial_bayou_shore_b, firewood_loft
Depths:3: grunt_runaround [grunt_runaround_doors_1, grunt_runaround_doors_2,
          grunt_runaround_doors_3, grunt_runaround_doors_4,
          grunt_runaround_loot], serial_shops, hell_entry, abyss_entry
Depths:4: grunt_zot_entry_hairpin, layout_basic,
          serial_sigils_hangedman_confine, hell_entry, uniq_margery
Zot:1:    layout_concentric_octagons, gammafunk_ghost_necromancy
Zot:2:    layout_onion_interference, grunt_ministairs_8, hangedman_swamp_dais,
          grunt_megastairs_5
Zot:3:    layout_basic, door_vault
Zot:4:    layout_basic, not_door_vault_due
Zot:5:    layout_misc_corridors, st_stairs_6, hellmonk_bargain_basement

Skill      XL: |  1  2  3  4  5  6  7  8  9 10 11 12 13 14 15 16 17 18 19 20 21 22 23 24 |
---------------+-------------------------------------------------------------------------+-----
Dodging        | 1 2 3 5 6 7 8 9 10 11 | 11.8
Armour         | 2 3 6 12 13 14 | 14.7
Fighting       | 2 3 4 5 7 8 10 11 12 13 14 15 16 17 | 17.8
Unarmed Combat | 1 3 4 6 8 10 12 13 14 15 16 17 19 21 22 | 22.4
Slings         | 1 2 3 |  3.0
Invocations    | 6 11 12 | 12.0
Shields        | 3 4 6 8 9 14 17 20 23 25 | 25.0
Necromancy     | 3 6 |  6.0
Translocations | 3 7 10 | 10.0
Long Blades    | |  0.3
Stealth        | |  0.8
Evocations     | |  3.8

Action                   |  1- 3 |  4- 6 |  7- 9 | 10-12 | 13-15 | 16-18 | 19-21 | 22-24 || total
-------------------------+-------+-------+-------+-------+-------+-------+-------+-------++-------
Melee: Club              |    46 |       |       |       |       |       |       |       ||    46
       Rapier            |    37 |    14 |       |       |       |       |       |       ||    51
       Unarmed           |       |       |    52 |   351 |   940 |   849 |  1375 |  1496 ||  5063
       Punch             |       |       |     5 |    13 |       |       |       |       ||    18
 Fire: Hunting sling     |       |    62 |   165 |   226 |    88 |   543 |       |       ||  1084
Throw: Stone             |     8 |    13 |       |    11 |    61 |    14 |    11 |    38 ||   156
 Cast: Animate Dead      |       |       |       |       |     2 |       |       |       ||     2
Invok: Slouch            |       |       |       |     7 |    13 |    15 |    18 |    30 ||    83
       Step From Time    |       |       |       |       |       |       |     1 |       ||     1
Evoke: Wand              |    15 |     2 |    11 |    27 |    28 |     6 |    12 |     5 ||   106
       Piece from Xom's  |       |     3 |       |       |       |       |       |       ||     3
       Tin of tremorston |       |       |       |       |     2 |     5 |     5 |     4 ||    16
       Box of beasts     |       |       |       |       |       |     2 |     1 |       ||     3
       Lightning rod     |       |       |       |       |       |     7 |       |       ||     7
  Use: Scroll            |     4 |     6 |     7 |    12 |     1 |     9 |     9 |     7 ||    55
       Potion            |     1 |     1 |     5 |     9 |     1 |     2 |     1 |    18 ||    38
 Stab: Paralysed         |       |     4 |       |       |       |       |       |       ||     4
       Betrayed ally     |       |       |       |     1 |       |       |       |       ||     1
       Distracted        |       |       |       |     1 |     2 |     3 |     2 |       ||     8
       Sleeping          |       |       |       |     1 |    14 |    22 |    23 |       ||    60
       Petrified         |       |       |       |       |       |       |     6 |       ||     6
       Petrifying        |       |       |       |       |       |       |     1 |       ||     1
Armor: Leather armour    |    28 |       |       |       |       |       |       |       ||    28
       Ring mail         |       |    10 |     9 |       |       |    95 |    17 |       ||   131
       Acid dragon scale |       |       |     5 |   101 |    99 |    11 |       |       ||   216
       Skin              |       |       |     3 |    24 |       |       |       |       ||    27
       Crystal plate arm |       |       |       |       |       |       |   212 |   352 ||   564
Dodge: Dodged            |    43 |    12 |    59 |   383 |   684 |   729 |   351 |   402 ||  2663
Block: Buckler           |       |       |       |    88 |   458 |   215 |       |       ||   761
       Reflection        |       |       |       |       |    30 |    42 |   107 |    29 ||   208
       Tower shield      |       |       |       |       |       |  1410 |  1993 |  2131 ||  5534

Table legend: (Time is in decaauts)
 A = Elapsed time spent in this place.
 B = Non-inter-level travel time spent in this place.
 C = Inter-level travel time spent in this place.
 D = Time resting spent in this place.
 E = Time spent auto-exploring this place.
 F = Levels seen in this place.
 G = Mean time per level.
                   A        B        C        D        E       F      G
               +--------+--------+--------+--------+--------+-----+--------+
         Total | 108089 |  98660 |   9429 |  23606 |  56591 |  56 | 1930.2 |
       Dungeon |  25103 |  22512 |   2591 |   3746 |  15202 |  15 | 1673.5 |
        Temple |    289 |    250 |     39 |      0 |    235 |   1 |  289.0 |
          Lair |  13764 |  12423 |   1341 |   2223 |   7955 |   6 | 2294.0 |
         Swamp |   7816 |   7375 |    441 |   2114 |   3441 |   4 | 1954.0 |
   Spider Nest |  12071 |  11208 |    863 |   4022 |   5542 |   4 | 3017.8 |
    Slime Pits |   2801 |   2533 |    268 |    808 |   1084 |   5 |  560.2 |
  Orcish Mines |   3999 |   3573 |    426 |    954 |   1789 |   2 | 1999.5 |
   Elven Halls |   7938 |   7232 |    706 |   1476 |   3881 |   3 | 2646.0 |
        Vaults |   6674 |   6294 |    380 |   1101 |   3987 |   3 | 2224.7 |
        Depths |  14718 |  13013 |   1705 |   2655 |   8017 |   4 | 3679.5 |
           Zot |  11683 |  11020 |    663 |   4281 |   5050 |   5 | 2336.6 |
         Abyss |    204 |    204 |      0 |      0 |      0 |   1 |  204.0 |
      Ziggurat |     19 |     19 |      0 |      0 |      0 |   1 |   19.0 |
         Trove |    171 |    171 |      0 |      0 |     19 |   1 |  171.0 |
      Gauntlet |    833 |    833 |      0 |    221 |    385 |   1 |  833.0 |
               +--------+--------+--------+--------+--------+-----+--------+

Top non-repeatable levels by time:
Depths:3: 4169 daAuts
Spider:4: 4099 daAuts
Depths:4: 3861 daAuts
Depths:1: 3700 daAuts
Spider:2: 3670 daAuts
   Zot:3: 3606 daAuts
  Lair:6: 3485 daAuts
Vaults:2: 3403 daAuts
Spider:3: 3244 daAuts
Vaults:1: 3112 daAuts
   Elf:1: 3039 daAuts
Depths:2: 2987 daAuts
    D:14: 2949 daAuts
   Orc:2: 2884 daAuts
   Zot:2: 2867 daAuts
